 Dungeon Crawl Stone Soup version 0.30-a0-368-g86fb4627a9 (webtiles) character file.

Game seed: 17239920309825256398

918 Bnni the Poker (level 8, -2/65 HPs)
             Began as a Formicid Fighter on Nov 19, 2022.
             Slain by b0ghi87's ghost (14 damage)
             ... on level 5 of the Dungeon.
             The game lasted 00:06:36 (4379 turns).

Bnni the Poker (Formicid Fighter)                   Turns: 4379, Time: 00:06:36

Health: -2/65      AC:  6    Str: 24    XL:     8   Next: 31%
Magic:  8/8        EV:  9    Int:  7    God:
Gold:   302        SH:  5    Dex: 13    Spells: 7/7 levels left

rFire   . . .      SeeInvis +    a - +0 trident
rCold   . . .      Faith    .    c - +0 buckler
rNeg    . . .      Spirit   .    b - +0 scale mail
rPois   .          Reflect  .    (helmet unavailable)
rElec   .          Harm     .    (no cloak)
rCorr   .          Rampage  .    (no gloves)
Will    .....                    (no boots)
Stlth   ..........               (no amulet)
HPRegen 0.30/turn                (no ring)
MPRegen 0.11/turn                (no ring)

@: invisible
A: permanent stasis, dig shafts and tunnels, antennae 3, four strong arms
a: Dig, Shaft Self


You were on level 5 of the Dungeon.
You visited 1 branch of the dungeon, and saw 5 of its levels.

You collected 358 gold pieces.
You spent 56 gold pieces at shops.

Inventory:

Hand Weapons
 a - a +0 trident (weapon)
 d - a +0 halberd
 u - a +0 spear of venom
Missiles
 p - 6 javelins
 v - 13 poisoned darts
Armour
 b - a +0 scale mail (worn)
 c - a +0 buckler (worn)
Jewellery
 y - a ring of ice
Scrolls
 f - 2 scrolls of fear {unknown}
 g - a scroll of torment {unknown}
 h - 3 scrolls of fog {unknown}
 i - a scroll of magic mapping {unknown}
 k - a scroll of acquirement {unknown}
 n - a scroll of poison {unknown}
 o - 2 scrolls of enchant weapon {unknown}
 q - a scroll of brand weapon {unknown}
 s - 3 scrolls of enchant armour {unknown}
 t - a scroll of teleportation {unknown}
 z - a scroll of immolation {unknown}
 B - a scroll of blinking {unknown}
Potions
 e - 3 potions of lignification
 j - a potion of flight {unknown}
 l - 2 potions of curing
 r - 2 potions of magic
 w - a potion of mutation
 x - a potion of resistance {unknown}
 A - 2 potions of heal wounds {unknown}
 C - a potion of brilliance {unknown}


   Skills:
 + Level 6.4 Fighting
 * Level 7.3 Polearms
 - Level 3.2 Armour
 - Level 5.0 Shields


You had 7 spell levels left.
You didn't know any spells.
Your spell library contained the following spells:

 Spells                   Type           Power      Damage    Failure   Level
 Static Discharge         Conj/Air       0%         2-2/arc   90%         2
 Vhi's Electric Charge    Tloc/Air       0%         N/A       99%         3
 Arcjolt                  Conj/Air       0%         1d10      100%        5
 Lightning Bolt           Conj/Air       0%         1d11      100%        5
 Summon Forest            Summ/Tloc      0%         N/A       100%        5
 Eringya's Noxious Bog    Tmut/Pois      0%         N/A       100%        6
 Summon Hydra             Summ           0%         N/A       100%        7


Dungeon Overview and Level Annotations

Branches:
Dungeon (5/15)
 Temple: D:4-7

Altars:
Elyvilon
Hepliaklqana
Sif Muna
The Shining One

Shops:
D:3 (   D:5 (

Annotations:
D:4 1 runed translucent door
D:5 b0ghi87's ghost, novice MiFi


Innate Abilities, Weirdness & Mutations

You cannot be hasted, slowed, berserked, paralysed or teleported.
You can dig through walls and to a lower floor.
You have a pair of large antennae on your head. (SInv)
Your four strong arms can wield two-handed weapons with a shield.


Message History

You hit b0ghi87's ghost.
B0ghi87's ghost is heavily damaged.
B0ghi87's ghost hits you.
You hit b0ghi87's ghost but do no damage.
B0ghi87's ghost is heavily damaged.
B0ghi87's ghost barely misses you.
You closely miss b0ghi87's ghost.
B0ghi87's ghost is heavily damaged.
You block b0ghi87's ghost's attack.
You hit b0ghi87's ghost.
B0ghi87's ghost is heavily damaged.
You block b0ghi87's ghost's attack.
You closely miss b0ghi87's ghost.
B0ghi87's ghost is heavily damaged.
You flicker for a moment.
B0ghi87's ghost hits you.
You hit b0ghi87's ghost but do no damage.
B0ghi87's ghost is heavily damaged.
B0ghi87's ghost closely misses you.
You hit b0ghi87's ghost.
B0ghi87's ghost is heavily damaged.
You block b0ghi87's ghost's attack.
You hit b0ghi87's ghost.
B0ghi87's ghost is heavily damaged.
You block b0ghi87's ghost's attack.
You barely miss b0ghi87's ghost.
B0ghi87's ghost is heavily damaged.
You block b0ghi87's ghost's attack.
You barely miss b0ghi87's ghost.
B0ghi87's ghost is heavily damaged.
You flicker back into view.
B0ghi87's ghost hits you!
* * * LOW HITPOINT WARNING * * *
You fade into invisibility!
B0ghi87's ghost hits you.
* * * LOW HITPOINT WARNING * * *
You hit b0ghi87's ghost.
B0ghi87's ghost is heavily damaged.
B0ghi87's ghost hits you!
You die...

.# ####.....# #.........#####..
####......############....##_##..
##...####.# #...♣.(.#....##'####
#..###....# #((.....#....#...#
..##...#..# #....(..#....#...#
.##....#.## #$.(....#....#...#
.#....##.# #(....(.#....#...#
##...##..# ###W''###....#...#
#...##..## #..@.........#...#
#.###..## #............#...#
#.....## ####.........#...#
...###### #.........#...#
####....# #.........#...#
.....##.# ########.##...#
#######.#########.............#
#.......................#
#.########..............#


You could see b0ghi87's ghost (unable to see you).

Vanquished Creatures
  The ghost of confidenceinterval the Conjurer, an amateur GrHW (D:4)
  A black bear (D:5)
  A phantom (D:4)
  A kobold brigand (D:4)
  2 necrophages (D:5)
  2 jellies
  A hound (D:4)
  An orc priest (D:4)
  An iguana (D:5)
  2 orc wizards (D:3)
  Terence (D:2)
  A mummy (D:5)
  5 gnolls
  7 adders
  A river rat (D:4)
  A shadow imp (D:4)
  A dart slug (D:2)
  7 orcs
  7 ball pythons
  6 endoplasms
  6 giant cockroaches
  4 goblins
  13 hobgoblins
  4 quokkas
  7 bats
  A frilled lizard (D:3)
  2 hobgoblin zombies (D:5)
  15 kobolds
  A kobold zombie (D:5)
  An orc zombie (D:5)
  3 rats
107 creatures vanquished.

Notes
Turn   | Place    | Note
-------+----------+-------------------------------------------
     0 | D:1      | Bnni the Formicid Fighter began the quest for the Orb.
     0 | D:1      | Reached XP level 1. HP: 18/18 MP: 1/1
   163 | D:1      | Reached XP level 2. HP: 19/24 MP: 2/2
   363 | D:1      | Reached XP level 3. HP: 29/29 MP: 3/3
   413 | D:1      | Found a faded altar of an unknown god.
   904 | D:2      | Noticed Terence
   914 | D:2      | Killed Terence
   915 | D:2      | Reached skill level 3 in Polearms
   915 | D:2      | Reached skill level 5 in Shields
   915 | D:2      | Reached XP level 4. HP: 33/37 MP: 4/4
   989 | D:2      | Reached XP level 5. HP: 39/42 MP: 5/5
  1422 | D:3      | Found Omaq's Weapon Shop.
  1430 | D:3      | Bought a +0 spear of venom for 56 gold pieces
  1557 | D:3      | Reached skill level 4 in Polearms
  1593 | D:3      | Reached XP level 6. HP: 22/49 MP: 6/6
  1745 | D:3      | Found a hazy altar of Hepliaklqana.
  2138 | D:4      | Found a runed translucent door.
  2174 | D:4      | Found a runed translucent door.
  2180 | D:4      | Noticed confidenceinterval's ghost (amateur GrHW)
  2212 | D:4      | Reached skill level 5 in Polearms
  2231 | D:4      | Reached skill level 5 in Fighting
  2413 | D:4      | Reached XP level 7. HP: 55/56 MP: 7/7
  3034 | D:4      | Reached skill level 6 in Polearms
  3282 | D:4      | Killed confidenceinterval's ghost
  3426 | D:5      | Entered Level 5 of the Dungeon
  3444 | D:5      | Found a white marble altar of Elyvilon.
  3479 | D:5      | Reached XP level 8. HP: 59/64 MP: 8/8
  3547 | D:5      | Found Zeosk's Weapon Emporium.
  3574 | D:5      | Reached skill level 7 in Polearms
  3846 | D:5      | Found a glowing golden altar of the Shining One.
  3982 | D:5      | Found a runed translucent gate.
  3982 | D:5      | Found a runed translucent gate.
  3983 | D:5      | Found a runed translucent gate.
  3987 | D:5      | Noticed b0ghi87's ghost (novice MiFi)
  4125 | D:5      | Found a shimmering blue altar of Sif Muna.
  4379 | D:5      | Slain by b0ghi87's ghost

Illustrated notes

Levels and vault maps discovered:
D:1:      zelgadis_glass_arrival_small, layout_basic, basic_ecumenical_altar,
          st_stairs_14, nicolae_grassy_gnolls
D:2:      layout_rooms, chequers_serial_rivers_small_3, uniq_terence
D:3:      layout_basic, nicolae_hepliaklqana_hippocampus, serial_shops, shop
D:4:      cheibrodos_thug_alley, layout_cave_pools, ebering_ghost_sewer_f
D:5:      minmay_evil_eye, layout_basic, lemuel_blue_sif_altar,
          nicolae_overflow_crystal_walls, nicolae_elyvilon_peaceful_grove,
          serial_shops, nicolae_shop_trees, ebering_ghost_rock_garden,
          minmay_mini_ossuary

Skill      XL: |  1  2  3  4  5  6  7  8 |
---------------+-------------------------+-----
Polearms       | 3 4 5 6 7 |  7.3
Shields        | 5 |  5.0
Fighting       | 4 5 6 |  6.4
Armour         | |  3.2

Action                   |  1- 3 |  4- 6 |  7- 9 || total
-------------------------+-------+-------+-------++-------
Melee: Trident           |    93 |    55 |   108 ||   256
       Spear             |       |   109 |    66 ||   175
 Abil: Dig               |       |       |     1 ||     1
  Use: Potion            |       |     1 |     4 ||     5
       Scroll            |       |       |     5 ||     5
 Stab: Invisible         |       |       |     2 ||     2
Armor: Scale mail        |    19 |    49 |    46 ||   114
       Skin              |       |       |     5 ||     5
Dodge: Dodged            |    30 |    71 |    51 ||   152
Block: Buckler           |    18 |    32 |    21 ||    71

Table legend: (Time is in decaauts)
 A = Elapsed time spent in this place.
 B = Non-inter-level travel time spent in this place.
 C = Inter-level travel time spent in this place.
 D = Time resting spent in this place.
 E = Time spent auto-exploring this place.
 F = Levels seen in this place.
 G = Mean time per level.
                   A        B        C        D        E       F      G
               +--------+--------+--------+--------+--------+-----+--------+
         Total |   4396 |   4337 |     59 |    298 |   3241 |   5 |  879.2 |
       Dungeon |   4396 |   4337 |     59 |    298 |   3241 |   5 |  879.2 |
               +--------+--------+--------+--------+--------+-----+--------+

Top non-repeatable levels by time:
     D:4: 1385 daAuts
     D:5: 952 daAuts
     D:1: 889 daAuts
     D:3: 689 daAuts
     D:2: 479 daAuts
